 Dungeon Crawl Stone Soup version 0.19-a0-1188-g4c2e17c (webtiles) character file.

90 Gorfmaster the Skirmisher (level 4, -10/29 HPs)
             Began as a Gargoyle Berserker on Aug 18, 2016.
             Was a Believer of Trog.
             Mangled by an orc warrior
             ... wielding a +0 war axe
              (23 damage)
             ... on level 2 of the Dungeon.
             The game lasted 00:19:03 (2326 turns).

Gorfmaster the Skirmisher (Gargoyle Berserker)      Turns: 2326, Time: 00:19:04

Health: -10/29     AC:  6    Str: 22    XL:     4   Next: 56%
Magic:  4/4        EV: 12    Int:  7    God:    Trog [**....]
Gold:   87         SH:  0    Dex:  9    Spells: 0 memorised, 3 levels left

rFire  . . .     SeeInvis .     a - +0 mace
rCold  . . .     Gourm    .     r - +0 leather armour
rNeg   + + .     Faith    .     (no shield)
rPois  ∞         Spirit   .     (no helmet)
rElec  +         Dismiss  +     (no cloak)
rCorr  .         Reflect  .     (no gloves)
MR     .....     Harm     .     (no boots)
Stlth  +.........               h - amulet of dismissal
                                (no ring)
                                e - ring of positive energy

@: no status effects
A: negative energy resistance 1, electricity resistance, unbreathing,
petrification resistance, rot immunity, AC +3
a: Berserk, Trog's Hand, Burn Spellbooks, Renounce Religion


You were on level 2 of the Dungeon.
You worshipped Trog.
Trog was pleased with you.
You were not hungry.

You visited 1 branch of the dungeon, and saw 2 of its levels.

You collected 87 gold pieces.

Inventory:

Hand Weapons
 a - a +0 mace (weapon)
 c - a +0 flail
 p - a +2 dagger of speed
Armour
 b - a +0 animal skin
 l - a +0 robe
 r - a +0 leather armour (worn)
Jewellery
 e - a ring of positive energy (left hand)
 h - an amulet of dismissal (around neck)
 s - an uncursed ring of protection from cold {unknown}
Scrolls
 d - 2 scrolls of teleportation {unknown}
 g - a scroll of remove curse {unknown}
 k - a scroll of random uselessness {unknown}
 n - a scroll of enchant weapon {unknown}
 o - 2 scrolls of identify {unknown}
Potions
 i - a potion of resistance {unknown}
 j - a potion of flight {unknown}
 m - a potion of magic {unknown}
 q - a potion of cure mutation {unknown}
 u - 2 potions of lignification {unknown}
Comestibles
 f - a meat ration
 t - a bread ration


   Skills:
 + Level 4.0 Fighting
 + Level 3.9 Maces & Flails
 + Level 2.5 Armour
 + Level 2.4 Dodging


You had 3 spell levels left.
You didn't know any spells.

Dungeon Overview and Level Annotations

Branches:
Dungeon (2/15)

Altars:


Innate Abilities, Weirdness & Mutations

You are resistant to torment.
Your stone body is resilient. (AC +3)
You are immune to poison.
You resist negative energy. (rN+)
You are resistant to electric shocks. (rElec)
You can survive without breathing.
You are immune to petrification.
You are immune to rotting.


Message History

The orc misses you.
You hit the orc but do no damage.
The orc warrior hits you with a war axe!
The orc barely misses you.
You hit the orc.
The orc is heavily wounded.
The orc warrior barely misses you. The orc barely misses you.
You hit the orc but do no damage.
The orc is heavily wounded.
The orc warrior misses you. The orc barely misses you.
You hit the orc.
The orc is severely wounded.
The orc warrior hits you with a war axe.
The orc hits you with a flail!
You sock the orc!
You kill the orc!
Trog accepts your kill.
The orc warrior hits you with a war axe!!
Ouch! That really hurt!
You die...

#.##.......#
#.#.##†...########
#.##.#####.#
#.#...............
..##.# #.#
#.####....########
.....# #.#
#.#...............
####.# #.#
#................# #.#
#.#####.....o#########.#
#.#
#.#........o.........#.#
###
#.#.###)############.#.#
#.#.# #@o........# #.#.#
#.#.# ##########.# #.#.#
#.#.# #.# #.#.# #.#.#
#.# #.#.#
#.#.############.# #.#.#
#.#..............###.#.#
#....................#..
#.#.##################.#
##### ###


You could see an orc warrior.

Vanquished Creatures
  An adder (D:2)
  3 gnolls (D:2)
  2 worms (D:2)
  A dart slug (D:2)
  3 giant geckos
  2 orcs (D:2)
  4 bats
  2 giant cockroaches
  3 goblins (D:1)
  6 hobgoblins
  A kobold (D:2)
  A ball python (D:2)
  5 giant newts
  8 rats
42 creatures vanquished.

Notes
Turn   | Place    | Note
-------+----------+-------------------------------------------
     0 | D:1      | Gorfmaster the Gargoyle Berserker began the quest for the Orb.
     0 | D:1      | Reached XP level 1. HP: 14/14 MP: 1/1
   442 | D:1      | Reached XP level 2. HP: 16/19 MP: 2/2
  1080 | D:2      | Reached ** piety under Trog
  1221 | D:2      | Reached XP level 3. HP: 22/23 MP: 3/3
  1573 | D:2      | Reached XP level 4. HP: 8/29 MP: 4/4
  1922 | D:2      | Reached skill level 4 in Fighting
  2315 | D:2      | Noticed an orc warrior
  2326 | D:2      | Mangled by an orc warrior

Vault maps used:
D:1:      dpeg_arrival_pits

Skill      XL: |  1  2  3  4 |
---------------+-------------+-----
Dodging        | 2 |  2.4
Fighting       | 4 |  4.0
Maces & Flails | |  3.9
Armour         | |  2.5

Action                   |  1- 3 |  4- 6 || total
-------------------------+-------+-------++-------
Melee: Mace              |   126 |    48 ||   174
  Use: Potion            |     1 |       ||     1
  Eat: Bread ration      |     1 |       ||     1
Armor: Animal skin       |     7 |       ||     7
       Robe              |    14 |       ||    14
       Leather armour    |    17 |    11 ||    28
Dodge: Dodged            |    85 |    34 ||   119
